[Event "Titled Tuesday Blitz August 22 Early 2023"]
[White "Matinian, Nikita"]
[Black "Nazaretyan, Tigran"]
[WhiteFideId "24129100"]
[BlackFideId "24162345"]
[WhiteElo "2710"]
[BlackElo "2553"]
[Result "0-1"]
[Round "11"]
[TimeControl "180+1"]
[Date "2023.08.22"]
[WhiteClock "0:00:46"]
[BlackClock "0:01:35"]
[Board "50"]

1. e4 c5 2. Nf3 Nc6 3. Bb5 g6 4. O-O Bg7 5. d3 Nf6 6. Nc3 O-O 7. e5 Ne8 8. Bxc6 bxc6 9. Re1 d6 10. Bf4 Bg4 11. h3 Bxf3 12. Qxf3 Rb8 13. Qxc6 Rxb2 14. Nd5 Rxc2 15. exd6 exd6 16. Rab1 Bd4 17. Bg3 Qg5 18. Kh2 Nf6 19. Ne7+ Kg7 20. Rf1 Re8 21. Qxd6 Rxe7 22. Ra1 0-1


[Site "https://www.chess.com"]

[Event "Titled Tuesday Blitz August 22 Early 2023"]
[White "Maus7"]
[Black "Volovich, Vasily"]
[BlackFideId "34169676"]
[WhiteElo "2541"]
[BlackElo "2709"]
[Result "0-1"]
[Round "11"]
[TimeControl "180+1"]
[Date "2023.08.22"]
[WhiteClock "0:00:00"]
[BlackClock "0:00:34"]
[Board "51"]

1. e4 e6 2. d4 d5 3. Nc3 Bb4 4. e5 Ne7 5. a3 Bxc3+ 6. bxc3 c5 7. Qg4 O-O 8. Bd3 f5 9. Qg3 Qa5 10. Bd2 Qa4 11. h4 Nbc6 12. dxc5 f4 13. Qg5 h6 14. Qh5 Bd7 15. Qe2 Qa5 16. Nf3 Qxc5 17. Rg1 Be8 18. g4 fxg3 19. Rxg3 Bh5 20. Kf1 Bxf3 21. Rxf3 Rxf3 22. Qxf3 Nxe5 23. Qe2 Nxd3 24. Qxe6+ Kh8 25. cxd3 Rf8 26. Qe3 Qd6 27. Qh3 Ng6 28. Ke2 Qf6 29. Rf1 Qe7+ 30. Qe3 Qxa3 31. f4 Qa4 32. f5 Re8 33. fxg6 Qc6 0-1


[Site "https://www.chess.com"]

[Event "Titled Tuesday Blitz August 22 Early 2023"]
[White "ATM622"]
[Black "KarolKacprzak"]
[WhiteElo "2535"]
[BlackElo "2702"]
[Result "0-1"]
[Round "11"]
[TimeControl "180+1"]
[Date "2023.08.22"]
[WhiteClock "0:00:02"]
[BlackClock "0:00:27"]
[Board "52"]

1. d4 Nf6 2. c4 c5 3. d5 b5 4. cxb5 a6 5. bxa6 Bxa6 6. Nc3 g6 7. e4 Bxf1 8. Kxf1 d6 9. Nf3 Bg7 10. g3 O-O 11. Kg2 Nbd7 12. Re1 Ra6 13. Qe2 Qa8 14. h4 e6 15. dxe6 fxe6 16. Ng5 d5 17. exd5 exd5 18. Kg1 h6 19. Nh3 d4 20. Ne4 Kh7 21. Qc2 Ne5 22. Neg5+ hxg5 23. Nxg5+ Kh8 24. Rxe5 Ng4 25. Re2 Raf6 26. Qe4 Qxe4 27. Nxe4 Re6 28. Bf4 d3 29. Ree1 Rfe8 30. f3 Bxb2 31. Rad1 c4 32. fxg4 Rxe4 33. Rxe4 Rxe4 34. Kg2 Re2+ 35. Kf3 Bd4 36. a4 Ra2 37. Ke4 Bg7 38. Kd5 Rxa4 39. Rb1 c3 40. h5 gxh5 41. g5 Kh7 42. Rb6 Ra8 43. g6+ Kg8 44. Be5 d2 45. Ke6 d1=Q 46. Bxg7 Qg4+ 47. Kf6 Qd4+ 48. Kg5 Qxb6 49. Kh6 Ra6 50. g4 Qxg6# 0-1


[Site "https://www.chess.com"]

[Event "Titled Tuesday Blitz August 22 Early 2023"]
[White "only_strong_moves"]
[Black "Petrosian, Karlen"]
[BlackFideId "4176146"]
[WhiteElo "2529"]
[BlackElo "2698"]
[Result "1-0"]
[Round "11"]
[TimeControl "180+1"]
[Date "2023.08.22"]
[WhiteClock "0:00:30"]
[BlackClock "0:00:07"]
[Board "53"]

1. d4 Nf6 2. Nc3 e6 3. e4 d5 4. exd5 exd5 5. Bd3 Be7 6. Nge2 O-O 7. O-O Re8 8. Ng3 Nbd7 9. Bg5 Nf8 10. Nf5 Bxf5 11. Bxf5 Ne4 12. Bxe7 Rxe7 13. Bxe4 dxe4 14. d5 Qd6 15. Qg4 Qg6 16. Qxg6 Nxg6 17. Rfe1 Rae8 18. Rad1 f5 19. d6 cxd6 20. Rxd6 Rc8 21. Red1 Kf7 22. Nd5 Ree8 23. Rd7+ Kf8 24. c3 Rb8 25. Ne3 Ne7 26. g3 g6 27. R1d6 Kg8 28. Rc7 Nc6 29. Rdd7 Ne5 30. Rg7+ Kf8 31. Rxh7 Kg8 32. Nd5 Ng4 33. h3 Rbd8 34. c4 Rxd5 35. cxd5 Nf6 36. Rhg7+ Kf8 37. Rcf7# 1-0


[Site "https://www.chess.com"]

[Event "Titled Tuesday Blitz August 22 Early 2023"]
[White "Pert, Richard G"]
[Black "Devaev, Alexander"]
[WhiteFideId "404748"]
[BlackFideId "4169395"]
[WhiteElo "2682"]
[BlackElo "2515"]
[Result "1-0"]
[Round "11"]
[TimeControl "180+1"]
[Date "2023.08.22"]
[WhiteClock "0:01:00"]
[BlackClock "0:00:06"]
[Board "54"]

1. d4 Nf6 2. Bg5 Ne4 3. Bf4 c5 4. f3 Nf6 5. dxc5 e6 6. Bd6 b6 7. Bxf8 Rxf8 8. e4 bxc5 9. Nc3 Qb6 10. Nb5 d5 11. e5 Nfd7 12. f4 Ba6 13. a4 Bxb5 14. axb5 g6 15. c4 d4 16. Nf3 h6 17. Bd3 a6 18. O-O Ra7 19. Nd2 axb5 20. cxb5 Ke7 21. Nc4 Qb7 22. Rxa7 Qxa7 23. Qe1 Rh8 24. Qh4+ Kf8 25. Nd6 Qb6 26. Ra1 Kg7 27. Qe7 Qd8 28. Qxf7# 1-0


[Site "https://www.chess.com"]

[Event "Titled Tuesday Blitz August 22 Early 2023"]
[White "Itgelt, Khuyagtsogt"]
[Black "Kuzmin, Roman"]
[WhiteFideId "4902912"]
[BlackFideId "44134932"]
[WhiteElo "2665"]
[BlackElo "2515"]
[Result "1-0"]
[Round "11"]
[TimeControl "180+1"]
[Date "2023.08.22"]
[WhiteClock "0:00:21"]
[BlackClock "0:01:04"]
[Board "55"]

1. d4 Nf6 2. c4 e6 3. Nf3 d5 4. g3 Be7 5. Bg2 O-O 6. Qc2 Nbd7 7. O-O c6 8. Nbd2 b6 9. e4 dxc4 10. e5 Nd5 11. Ne4 h6 12. Qxc4 c5 13. Rd1 a5 14. dxc5 Nxc5 15. Nxc5 Bxc5 16. Qg4 Kh8 17. Qh5 Kh7 18. Ng5+ Kg8 19. Ne4 Be7 20. Bxh6 gxh6 21. Qxh6 f5 22. Qg6+ Kh8 23. Rd4 Qe8 24. Qh6+ Kg8 25. Ng5 Bxg5 26. Qxg5+ Kf7 27. Rxd5 exd5 28. Bxd5+ Be6 29. Qf6+ Kg8 30. Bxe6+ Kh7 31. Bxf5+ Kg8 32. Qg5+ 1-0


[Site "https://www.chess.com"]

[Event "Titled Tuesday Blitz August 22 Early 2023"]
[White "Piesik, Piotr"]
[Black "arenal72"]
[WhiteFideId "1136194"]
[WhiteElo "2661"]
[BlackElo "2512"]
[Result "1/2-1/2"]
[Round "11"]
[TimeControl "180+1"]
[Date "2023.08.22"]
[WhiteClock "0:00:56"]
[BlackClock "0:00:23"]
[Board "56"]

1. Nf3 d6 2. d4 g6 3. g3 Bg7 4. Bg2 Nf6 5. O-O O-O 6. Nbd2 Nbd7 7. e4 e5 8. dxe5 Nxe5 9. Nxe5 dxe5 10. Qe2 Qe7 11. b3 a5 12. a4 Rd8 13. Bb2 b6 14. Rfd1 Ba6 15. Qe1 Ne8 16. Bf1 Bxf1 17. Kxf1 Rd7 18. Nc4 Rad8 19. Rxd7 Rxd7 20. Rd1 f6 21. Ba3 Qe6 22. Ne3 Bf8 23. Bxf8 Kxf8 24. Rxd7 Qxd7 25. Nd5 Qc6 26. Qd2 Kg7 27. f3 Qc5 28. Ne3 Qd6 29. Qc3 h5 30. Ke2 Kf7 31. Qc4+ Qe6 32. Qb5 Qh3 33. g4 Qxh2+ 34. Kd3 Qh1 35. Qd7+ Kf8 36. Nd5 Qd1+ 37. Ke3 Qe1+ 38. Kd3 Qd1+ 39. Ke3 Qe1+ 40. Kd3 Qd1+ 1/2-1/2


[Site "https://www.chess.com"]

[Event "Titled Tuesday Blitz August 22 Early 2023"]
[White "Swicarz, Maciej"]
[Black "Zhu, Jiner"]
[WhiteFideId "1113585"]
[BlackFideId "8608059"]
[WhiteElo "2492"]
[BlackElo "2659"]
[Result "1-0"]
[Round "11"]
[TimeControl "180+1"]
[Date "2023.08.22"]
[WhiteClock "0:00:09"]
[BlackClock "0:00:00"]
[Board "57"]

1. e4 e5 2. Nf3 Nc6 3. c3 Nf6 4. d4 Nxe4 5. d5 Nb8 6. Nxe5 Bd6 7. Qd4 O-O 8. Qxe4 Bxe5 9. Bd3 f5 10. Qf3 d6 11. O-O Nd7 12. Nd2 Nc5 13. Bc2 a5 14. Nc4 Bxh2+ 15. Kxh2 Qh4+ 16. Kg1 Qxc4 17. b3 Qg4 18. Qxg4 fxg4 19. c4 Bf5 20. Bxf5 Rxf5 21. Be3 Nd7 22. Bd4 Raf8 23. Rfe1 b6 24. Re7 R5f7 25. Rae1 Nf6 26. Bxf6 gxf6 27. g3 Rxe7 28. Rxe7 Rf7 29. Re8+ Kg7 30. Kg2 f5 31. f3 Kf6 32. Re6+ Kg7 33. Re8 h5 34. f4 Rd7 35. Re6 Kf7 36. Rh6 Re7 37. Kf2 Kg7 38. Rxh5 Kg6 39. Rg5+ Kf6 40. Rg8 Re4 41. Rf8+ Kg6 42. Rc8 Re7 43. Rf8 a4 44. Rc8 axb3 45. axb3 Kf7 46. Rh8 Kg7 47. Rc8 Kg6 48. Rg8+ Kh7 49. Rc8 Kg7 50. Ra8 Rd7 51. Re8 Kf7 52. Re6 Rd8 53. Rh6 Kg7 54. Re6 Kf7 55. Rh6 Ra8 56. Rh7+ Kg6 57. Rxc7 Ra2+ 58. Kf1 Ra1+ 59. Kf2 Ra2+ 60. Kf1 Rb2 61. Rc6 Rb1+ 62. Ke2 Rb2+ 63. Ke1 Rb1+ 64. Kd2 Rxb3 65. Rxd6+ Kh5 66. Rf6 Rxg3 67. d6 Rg2+ 68. Kc3 Ra2 69. d7 Ra8 70. Rxf5+ Kh4 71. Kb4 g3 72. Rf7 Rg8 73. Re7 g2 74. Re8 g1=Q 75. d8=Q+ Kh3 76. Qc8+ Kh2 77. Rxg8 Qb1+ 78. Ka4 1-0


[Site "https://www.chess.com"]

[Event "Titled Tuesday Blitz August 22 Early 2023"]
[White "Reprintsev, Alexander"]
[Black "Tregubov, Pavel V."]
[WhiteFideId "14100541"]
[BlackFideId "4115341"]
[WhiteElo "2505"]
[BlackElo "2647"]
[Result "0-1"]
[Round "11"]
[TimeControl "180+1"]
[Date "2023.08.22"]
[WhiteClock "0:00:00"]
[BlackClock "0:00:13"]
[Board "58"]

1. e4 c5 2. b3 Nc6 3. Bb2 Nf6 4. e5 Nd5 5. Nf3 d6 6. Bb5 Bg4 7. h3 Bh5 8. Qe2 e6 9. Nc3 Nf4 10. Qe4 Nxg2+ 11. Kf1 d5 12. Bxc6+ bxc6 13. Qa4 Bxf3 14. Qxc6+ Ke7 15. Qb7+ Qd7 16. Qxa8 g6 17. Qb8 Bg7 18. Qd6+ Qxd6 19. exd6+ Kd7 20. Rg1 Nh4 21. Na4 Bxb2 22. Nxb2 Kxd6 23. Nd3 Be4 24. Ne1 Bf5 25. Rg3 e5 26. d3 Be6 27. c4 Nf5 28. Rg1 Nd4 29. Kg2 Ne2 30. Rh1 Nf4+ 31. Kg3 d4 32. Rb1 a5 33. a3 Bf5 34. b4 cxb4 35. axb4 Rb8 36. b5 Nxd3 37. Ra1 Nb2 38. Rxa5 Nxc4 39. Ra7 Be6 40. Ng2 Rxb5 41. Rha1 Rb3+ 42. f3 h5 43. R1a6+ Kc5 44. Rc7+ Kb4 45. Rb7+ Kc3 46. Rxb3+ Kxb3 47. h4 d3 48. Ra1 d2 49. Rh1 Kc2 50. Kf2 d1=Q 0-1


[Site "https://www.chess.com"]

[Event "Titled Tuesday Blitz August 22 Early 2023"]
[White "Chen, Ryo"]
[Black "LeoLV10"]
[WhiteFideId "7003072"]
[WhiteElo "2632"]
[BlackElo "2488"]
[Result "1-0"]
[Round "11"]
[TimeControl "180+1"]
[Date "2023.08.22"]
[WhiteClock "0:00:36"]
[BlackClock "0:00:05"]
[Board "59"]

1. e4 c6 2. Nf3 d5 3. d3 dxe4 4. dxe4 Qxd1+ 5. Kxd1 Bg4 6. Be2 Nd7 7. Ne1 Bxe2+ 8. Kxe2 e6 9. Nd3 Ngf6 10. f3 O-O-O 11. Be3 b6 12. a4 Kb7 13. Nd2 Be7 14. Nc4 Rhf8 15. a5 c5 16. a6+ Kc6 17. c3 Ne8 18. b4 f6 19. Na3 Nc7 20. Rhb1 e5 21. b5+ Kd6 22. Nb2 Ke6 23. Rd1 f5 24. exf5+ Rxf5 25. Na4 Nd5 26. c4 Nb4 27. Rd2 Rff8 28. Nc2 Nxc2 29. Rxc2 Nf6 30. Nc3 h5 31. Bg5 Rd6 32. Bxf6 Bxf6 33. Nd5 Rfd8 34. Re1 Rxd5 35. cxd5+ Rxd5 36. Rd1 Rxd1 37. Kxd1 Kd5 38. Kd2 c4 39. Ke3 Bg5+ 40. Ke2 Kc5 41. Rb2 Bf6 42. Kd1 e4 43. Rb1 exf3 44. gxf3 c3 45. Kc2 Be5 46. Re1 Bd4 47. Re7 Kxb5 48. Rxa7 Ka5 49. Ra8 b5 50. a7 b4 51. Kb3 Ka6 52. Rc8 Bxa7 53. Kxb4 c2 54. Rxc2 Bb8 55. Kc4 Kb6 56. Kd5 Bf4 57. h3 g5 58. Ke6 h4 59. Kf5 Be3 60. Rc4 Bd2 61. Kg4 Kb5 62. Rd4 Be3 63. Rd5+ Kc4 64. Rxg5 Bf2 65. f4 Kd4 66. Re5 Bg3 67. Re8 Bh2 68. f5 Be5 69. Re6 Kd5 70. Kxh4 Bd4 71. Kg4 Bg7 72. h4 Bh8 73. h5 Bd4 74. h6 Bh8 75. h7 Ba1 76. Kh5 Bh8 77. Kg6 Ba1 78. Re8 Bh8 79. Rxh8 1-0


[Site "https://www.chess.com"]

[Event "Titled Tuesday Blitz August 22 Early 2023"]
[White "Herman, Daniel"]
[Black "Bodnaruk, Anastasia"]
[WhiteFideId "30935008"]
[BlackFideId "4181751"]
[WhiteElo "2471"]
[BlackElo "2617"]
[Result "1/2-1/2"]
[Round "11"]
[TimeControl "180+1"]
[Date "2023.08.22"]
[WhiteClock "0:00:12"]
[BlackClock "0:00:06"]
[Board "60"]

1. d4 Nf6 2. c4 g6 3. Nc3 Bg7 4. e4 d6 5. Nf3 O-O 6. h3 e5 7. d5 Na6 8. Be3 Nh5 9. g3 f5 10. exf5 gxf5 11. Ng5 Qe8 12. Be2 Nf6 13. O-O h6 14. Ne6 Bxe6 15. dxe6 Qxe6 16. f4 exf4 17. Bxf4 Nc5 18. Bf3 Nfe4 19. Nd5 Rf7 20. b4 Na6 21. a3 c6 22. Ne3 Bxa1 23. Qxa1 Nd2 24. Bh5 Rg7 25. Re1 Ne4 26. Kh2 Rf8 27. Nc2 Qf6 28. Nd4 c5 29. Nb5 Qxa1 30. Rxa1 cxb4 31. axb4 Nxb4 32. Rxa7 Nd3 33. Bxd6 Nxd6 34. Nxd6 f4 35. gxf4 Rxf4 36. Bg4 Ne5 37. Ra8+ Kh7 38. Bf5+ Ng6 39. Rb8 Re7 40. c5 h5 41. Rf8 Kh6 42. Rf6 Rg7 43. Nf7+ Rxf7 44. Rxf7 Rc4 45. Rf6 Kg5 46. Rxg6+ Kxf5 47. Rb6 Rxc5 48. Rxb7 h4 49. Rb2 Rc3 50. Rb5+ Kf4 51. Rb4+ Kf3 52. Rxh4 Rc2+ 53. Kg1 Kg3 54. Rg4+ Kxh3 55. Rg8 Rc4 56. Kf2 Rf4+ 57. Ke3 Rf6 58. Re8 Kg4 59. Rg8+ Kf5 60. Rg1 Re6+ 61. Kd3 Rd6+ 62. Kc3 Re6 63. Kd3 Rd6+ 64. Kc3 Re6 65. Kd3 1/2-1/2


[Site "https://www.chess.com"]

[Event "Titled Tuesday Blitz August 22 Early 2023"]
[White "Goldin, Roman"]
[Black "Arat, Ufuk Sezen"]
[WhiteFideId "2803860"]
[BlackFideId "6309089"]
[WhiteElo "2461"]
[BlackElo "2612"]
[Result "1-0"]
[Round "11"]
[TimeControl "180+1"]
[Date "2023.08.22"]
[WhiteClock "0:00:02"]
[BlackClock "0:00:30"]
[Board "61"]

1. e4 c5 2. Nf3 e6 3. c3 d5 4. exd5 Qxd5 5. d4 Nf6 6. Be2 Nc6 7. O-O cxd4 8. cxd4 Be7 9. Nc3 Qd6 10. a3 O-O 11. b4 Rd8 12. Be3 b6 13. Qb3 Bb7 14. Rfd1 Nd5 15. Nxd5 exd5 16. g3 Bf6 17. Bf4 Qf8 18. Ne5 a5 19. b5 Nxe5 20. dxe5 Be7 21. Bf3 a4 22. Qa2 Bc5 23. Bxd5 Qe7 24. Bxb7 Qxb7 25. Bg5 Re8 26. Qd5 Qc7 27. Bf4 Rad8 28. Qf3 Qe7 29. h4 h6 30. Kg2 Kf8 31. Qe4 Kg8 32. Qf3 Kh8 33. Qc6 Rc8 34. Qd7 Qf8 35. Rd3 Red8 36. Qf5 Rxd3 37. Qxd3 Rd8 38. Qf3 Qe8 39. Re1 Qxb5 40. Bxh6 Qd7 41. Bg5 Re8 42. Qe4 Bxa3 43. h5 Be7 44. Bf4 Rc8 45. h6 Qc6 46. Qxc6 Rxc6 47. hxg7+ Kxg7 48. Rd1 a3 49. Rd7 a2 50. Ra7 Rc2 51. Be3 Bc5 52. Bxc5 bxc5 53. e6 c4 54. Kf3 c3 55. e7 Rd2 56. e8=Q Rd4 57. Qxf7+ Kh6 58. Ra6+ Kg5 59. Rg6+ Kh5 60. Qh7# 1-0


[Site "https://www.chess.com"]

[Event "Titled Tuesday Blitz August 22 Early 2023"]
[White "Bashirli, Saadat"]
[Black "Garakov, Mikhael"]
[WhiteFideId "13429990"]
[BlackFideId "4169034"]
[WhiteElo "2387"]
[BlackElo "2608"]
[Result "0-1"]
[Round "11"]
[TimeControl "180+1"]
[Date "2023.08.22"]
[WhiteClock "0:00:08"]
[BlackClock "0:01:00"]
[Board "62"]

1. d4 c5 2. e3 Nf6 3. c3 e6 4. f4 b6 5. Nf3 Bb7 6. Bd3 d6 7. Qe2 Ne4 8. Nbd2 f5 9. O-O Nd7 10. Qd1 Be7 11. Qc2 Ndf6 12. b3 O-O 13. Bb2 Rc8 14. Rac1 Qe8 15. Qd1 Qg6 16. Qe2 Kh8 17. c4 Ng4 18. dxc5 bxc5 19. g3 Bf6 20. Bxf6 Ngxf6 21. Nh4 Qh6 22. Nhf3 Rce8 23. Kg2 e5 24. Bxe4 Nxe4 25. Nxe4 Bxe4 26. Rfd1 Bb7 27. Qf2 Rf6 28. Kg1 Qh5 29. Nh4 exf4 30. exf4 Re2 31. Qf1 Rfe6 32. Re1 Qe8 33. Rxe2 Rxe2 34. Nxf5 Qe4 35. Qxe2 Qxe2 36. Nh4 Qe3+ 0-1


[Site "https://www.chess.com"]

[Event "Titled Tuesday Blitz August 22 Early 2023"]
[White "Skaric, Djuro"]
[Black "Yurovskykh, Oleksandr"]
[WhiteFideId "934569"]
[BlackFideId "14134020"]
[WhiteElo "2372"]
[BlackElo "2594"]
[Result "0-1"]
[Round "11"]
[TimeControl "180+1"]
[Date "2023.08.22"]
[WhiteClock "0:00:44"]
[BlackClock "0:00:11"]
[Board "63"]

1. g3 g6 2. Bg2 Bg7 3. d3 c5 4. Nc3 Nc6 5. e4 d6 6. f4 Rb8 7. a4 a6 8. Nf3 e6 9. h3 Nge7 10. O-O O-O 11. g4 b5 12. axb5 axb5 13. Ne2 f5 14. Ng3 b4 15. Ng5 h6 16. Nf3 Bd7 17. Nh4 Kh7 18. gxf5 exf5 19. Kh2 Nd4 20. Be3 b3 21. Bxd4 Bxd4 22. c3 Bf6 23. Nf3 Qc7 24. d4 cxd4 25. Nxd4 fxe4 26. Nxe4 Bg7 27. Rg1 d5 28. Ng3 Rxf4 29. Re1 Be5 30. Rxe5 Qxe5 31. Ra7 Rd8 32. Qxb3 Qd6 33. Qd1 Rf7 34. Qd3 Rdf8 35. Ra6 Qf4 36. Ne2 Qe5 37. Ra7 Bf5 38. Qd4 Qxd4 39. Nxd4 h5 40. Ngxf5 Nxf5 41. Rxf7+ Rxf7 42. Bxd5 Rd7 43. Nxf5 Rxd5 44. Ne3 Rd2+ 45. Kg3 Rxb2 46. Kf4 Rb1 47. c4 Kh6 48. h4 Rc1 49. Ke5 g5 50. Nf5+ Kg6 51. Ne3 Re1 52. Kd4 gxh4 53. c5 h3 54. c6 Rc1 55. Nc4 Rxc4+ 56. Kxc4 h2 57. c7 h1=Q 58. c8=Q Qc1+ 0-1


[Site "https://www.chess.com"]

[Event "Titled Tuesday Blitz August 22 Early 2023"]
[White "Arabidze, Meri"]
[Black "Molina, Roberto Junio Brito"]
[WhiteFideId "13604040"]
[BlackFideId "2109450"]
[WhiteElo "2587"]
[BlackElo "2812"]
[Result "1-0"]
[Round "11"]
[TimeControl "180+1"]
[Date "2023.08.22"]
[WhiteClock "0:00:15"]
[BlackClock "0:00:03"]
[Board "64"]

1. d4 d5 2. Nf3 Nf6 3. c4 c6 4. Nc3 dxc4 5. a4 Bf5 6. e3 e6 7. Bxc4 Bb4 8. O-O O-O 9. h3 h6 10. Qe2 Ne4 11. Bd2 Nxd2 12. Nxd2 Nd7 13. e4 Bg6 14. Nf3 Bh5 15. Rad1 Re8 16. g4 Bg6 17. Kg2 Qa5 18. Nh4 Bh7 19. Qe3 Rad8 20. Ne2 Nb6 21. Bb3 c5 22. Nf3 c4 23. Bc2 Nd5 24. Qc1 Ne7 25. Ng3 a6 26. e5 Bxc2 27. Qxc2 b5 28. axb5 axb5 29. h4 Nd5 30. Qe4 Qa8 31. g5 hxg5 32. Nxg5 Nf4+ 33. Kf3 Ng6 34. h5 Nh4+ 35. Kg4 Qxe4+ 36. N5xe4 Nf5 37. Nxf5 exf5+ 38. Kxf5 Be7 39. Rg1 Kh7 40. Rg3 g6+ 41. hxg6+ fxg6+ 42. Rxg6 Rf8+ 43. Nf6+ Bxf6 44. Rxf6 Rxf6+ 45. exf6 Kg8 46. Kg6 b4 47. Rh1 Rd6 48. Ra1 Rd8 49. Ra7 c3 50. bxc3 bxc3 51. Rg7+ Kf8 52. Rh7 Kg8 53. f7+ 1-0


[Site "https://www.chess.com"]

[Event "Titled Tuesday Blitz August 22 Early 2023"]
[White "Borgaonkar Akshay"]
[Black "Zhao, Jun"]
[WhiteFideId "25639110"]
[BlackFideId "8602522"]
[WhiteElo "2585"]
[BlackElo "2691"]
[Result "1/2-1/2"]
[Round "11"]
[TimeControl "180+1"]
[Date "2023.08.22"]
[WhiteClock "0:00:05"]
[BlackClock "0:00:02"]
[Board "65"]

1. Nf3 Nf6 2. b3 b6 3. Bb2 Bb7 4. e3 d6 5. c4 Nbd7 6. Nc3 e5 7. d3 g6 8. e4 Bg7 9. g3 Nc5 10. Bg2 O-O 11. b4 Ne6 12. O-O Nh5 13. Ne1 Kh8 14. a4 f5 15. exf5 Bxg2 16. Nxg2 Nd4 17. Ne4 Rxf5 18. Bxd4 exd4 19. g4 d5 20. cxd5 Rxd5 21. gxh5 Rxh5 22. Qf3 Qe7 23. Ng3 Rf8 24. Rae1 Qxb4 25. Qg4 Ra5 26. Nf4 Qd6 27. Ne6 Rf7 28. Ng5 Rf8 29. Re8 Qf6 30. N3e4 Qf5 31. Rxf8+ Bxf8 32. Qxf5 gxf5 33. Ng3 Rxa4 34. Ne6 Bb4 35. Nxf5 Bc3 36. Kh1 c5 37. Rg1 Ra1 38. Nd6 Rxg1+ 39. Kxg1 a5 40. Nb5 a4 41. Nf4 Bb2 42. Nd5 a3 43. Nxa3 Bxa3 44. Nxb6 Kg7 45. Nc4 Bc1 46. Kg2 Kf6 47. Kf3 Kf5 48. Nd6+ Ke5 49. Ne4 Ba3 50. Nd2 Kf5 51. Nc4 Bc1 52. h3 Bf4 53. Na5 Bc7 54. Nb7 Bb6 55. Nd6+ Kg5 56. Nc4 Bc7 57. Ke4 Kh4 58. f4 Kxh3 59. f5 Bd8 60. Ke5 h5 61. Nd6 Kg2 62. Nb7 Bg5 63. Nxc5 h4 64. Ne4 h3 65. Nxg5 h2 66. f6 h1=Q 67. f7 Qh8+ 68. Ke6 Qh6+ 69. Kf5 Kf2 70. Ne6 Qh5+ 71. Kf6 Qh6+ 72. Ke7 Qh7 73. Ke8 Qg6 74. Ke7 Qh7 75. Ng5 Qg7 76. Ne6 Qh7 1/2-1/2


[Site "https://www.chess.com"]

[Event "Titled Tuesday Blitz August 22 Early 2023"]
[White "Korchmar, Vasiliy"]
[Black "Kochiev, Ivan"]
[WhiteFideId "24131750"]
[BlackFideId "2917890"]
[WhiteElo "2669"]
[BlackElo "2576"]
[Result "1-0"]
[Round "11"]
[TimeControl "180+1"]
[Date "2023.08.22"]
[WhiteClock "0:01:27"]
[BlackClock "0:00:02"]
[Board "66"]

1. e4 c5 2. d4 cxd4 3. Qxd4 Nc6 4. Qd3 g6 5. Nc3 Bg7 6. Nf3 Nf6 7. Be2 d6 8. O-O Bg4 9. Nd5 Nd7 10. c3 O-O 11. Bg5 Nc5 12. Qc2 Rc8 13. Rad1 Ne6 14. Bh4 Bxf3 15. Bxf3 Qd7 16. Qb1 Rfe8 17. Bg4 Ne5 18. Bh3 g5 19. Bxg5 Kh8 20. f4 Nc4 21. Bh4 Bh6 22. f5 Ng5 23. Bxg5 Bxg5 24. Nxe7 Qxe7 25. f6 Qc7 26. Bxc8 Qxc8 27. Rf5 Rg8 28. Rd3 Qe6 29. Rg3 Nd2 30. Qd3 Nxe4 31. Rgf3 Nc5 32. Qf1 h6 33. g3 Ne4 34. Qe2 Nc5 35. Qxe6 Nxe6 36. Rd5 Rd8 37. Rfd3 Kg8 38. Rxd6 Re8 39. Rd7 Nc5 40. Rd8 Kf8 41. R3d5 Bxf6 42. Rxe8+ 1-0


[Site "https://www.chess.com"]

[Event "Titled Tuesday Blitz August 22 Early 2023"]
[White "Badelka, Olga"]
[Black "Ovchinnikov, Vsevolod"]
[WhiteFideId "13509926"]
[BlackFideId "24176842"]
[WhiteElo "2573"]
[BlackElo "2649"]
[Result "1/2-1/2"]
[Round "11"]
[TimeControl "180+1"]
[Date "2023.08.22"]
[WhiteClock "0:00:10"]
[BlackClock "0:00:06"]
[Board "67"]

1. Nf3 Nf6 2. g3 g6 3. Bg2 Bg7 4. d3 d5 5. Nbd2 b6 6. O-O Bb7 7. Qe1 O-O 8. Ne5 Nbd7 9. f4 Nxe5 10. fxe5 Ng4 11. Nf3 Nxe5 12. c3 Nd7 13. a4 a5 14. Bg5 f6 15. Bd2 e5 16. Nh4 Nc5 17. Qd1 Ne6 18. b4 Rf7 19. Qb3 c6 20. e3 Qd6 21. Rfb1 f5 22. bxa5 bxa5 23. Qa3 Bf8 24. Qxd6 Bxd6 25. Nf3 Ba6 26. d4 e4 27. Ne1 Rb7 28. Bf1 Rxb1 29. Rxb1 Bxf1 30. Kxf1 Rb8 31. Rxb8+ Bxb8 32. c4 Bc7 33. Nc2 Nd8 34. cxd5 cxd5 35. Na3 Nc6 36. Nb5 Bd8 37. Ke2 Kf8 38. Bc1 Be7 39. Nc7 Nb4 40. Bd2 Kf7 41. Bxb4 Bxb4 42. Nxd5 Bd6 43. Nb6 Ke6 44. Nc4 Bb4 45. Kd1 Kd5 46. Nb6+ Kc6 47. Nc4 Kd5 48. Ne5 Ke6 49. Nc6 Bc3 50. Kc2 Be1 51. Kd1 Bc3 52. Kc2 Be1 53. Kd1 Bc3 1/2-1/2


[Site "https://www.chess.com"]

[Event "Titled Tuesday Blitz August 22 Early 2023"]
[White "Haug, Havard"]
[Black "Jovic, Stanoje"]
[WhiteFideId "1547887"]
[BlackFideId "905020"]
[WhiteElo "2637"]
[BlackElo "2543"]
[Result "1-0"]
[Round "11"]
[TimeControl "180+1"]
[Date "2023.08.22"]
[WhiteClock "0:00:53"]
[BlackClock "0:00:00"]
[Board "68"]

1. e4 c6 2. d4 d5 3. exd5 cxd5 4. Bd3 Nc6 5. c3 g6 6. h3 Nh6 7. Nf3 f6 8. Bxh6 Bxh6 9. O-O O-O 10. c4 dxc4 11. Bxc4+ Kg7 12. Re1 e5 13. dxe5 fxe5 14. Nc3 Qxd1 15. Rexd1 Bxh3 16. gxh3 Rxf3 17. Rd7+ Kh8 18. Kg2 Raf8 19. Ne4 R3f4 20. Bd5 Nd4 21. Rc1 Rxf2+ 22. Nxf2 Bxc1 23. Ne4 Nf5 24. Bxb7 Ne3+ 25. Kg3 h5 26. h4 Nf5+ 27. Kh3 Be3 28. Bd5 Nd4 29. Nd6 Rf2 30. Nf7+ Kg7 31. Nxe5+ Kf8 32. Nxg6+ Ke8 33. Re7+ Kd8 34. Rxe3 Rxb2 35. Nf4 a5 36. Ne6+ Nxe6 37. Bxe6 Kc7 38. Kg3 Kd6 39. Kf4 Rg2 40. Bf5 a4 41. a3 Kc5 42. Ke5 Rh2 43. Re4 Kb5 44. Bd7+ Kc5 45. Bxa4 Rh3 46. Be8 Rxa3 47. Bxh5 Kc6 48. Kf5 Kd6 49. Kg5 Ra5+ 50. Kh6 1-0


[Site "https://www.chess.com"]

[Event "Titled Tuesday Blitz August 22 Early 2023"]
[White "Sipila, Vilka"]
[Black "Jaskolka, Tomasz"]
[WhiteFideId "505455"]
[BlackFideId "1170791"]
[WhiteElo "2620"]
[BlackElo "2539"]
[Result "1-0"]
[Round "11"]
[TimeControl "180+1"]
[Date "2023.08.22"]
[WhiteClock "0:00:07"]
[BlackClock "0:00:03"]
[Board "69"]

1. Nc3 Nf6 2. Nf3 d5 3. d4 Bf5 4. Bf4 c6 5. Nh4 Bg4 6. f3 Bh5 7. g4 Bg6 8. Ng2 e6 9. h4 h5 10. g5 Nfd7 11. e4 Bb4 12. Qd2 dxe4 13. a3 exf3 14. axb4 fxg2 15. Bxg2 Nb6 16. b5 Nc4 17. Qf2 Nxb2 18. Bxb8 Rxb8 19. bxc6 O-O 20. cxb7 Qc7 21. Nb5 Qc4 22. Nxa7 Qc3+ 23. Qd2 Qg3+ 24. Kf1 Nc4 25. Qf2 Qc3 26. Re1 Qa3 27. Nc8 Qa6 28. Ne7+ Kh7 29. Kg1 Rxb7 30. Nxg6 fxg6 31. Qxf8 Rb2 32. Bf1 Rxc2 33. Rh2 Rxh2 34. Kxh2 Qa2+ 35. Kg1 Nd2 36. Qf2 Qa5 37. Rxe6 Nb3 38. Bd3 Qa1+ 39. Kh2 Nxd4 40. Bxg6+ Kg8 41. Re8# 1-0


[Site "https://www.chess.com"]

[Event "Titled Tuesday Blitz August 22 Early 2023"]
[White "Korelskiy, Egor"]
[Black "Agibileg, Uurtsaikh"]
[WhiteFideId "34329064"]
[BlackFideId "4901606"]
[WhiteElo "2521"]
[BlackElo "2618"]
[Result "1-0"]
[Round "11"]
[TimeControl "180+1"]
[Date "2023.08.22"]
[WhiteClock "0:01:02"]
[BlackClock "0:01:37"]
[Board "70"]

1. e4 c5 2. Nf3 e6 3. Qe2 Nc6 4. g3 d6 5. Bg2 Nf6 6. O-O Be7 7. e5 Nxe5 8. Nxe5 dxe5 9. Qxe5 O-O 10. Nc3 c4 11. Qe2 Qc7 12. d3 cxd3 13. Qxd3 Bd7 14. Bf4 e5 15. Bg5 Bc6 16. Bxf6 Bxf6 17. Bxc6 Qxc6 18. Nd5 Rad8 19. c4 Rfe8 20. Qe4 h5 21. Rad1 h4 22. b3 g6 23. Kg2 Kg7 24. Rfe1 Bg5 25. Qc2 f5 26. Qc3 Kf7 27. Rxe5 Bf6 28. Rxe8 Bxc3 29. Rxd8 Qe6 30. Nxc3 h3+ 31. Kxh3 f4+ 32. Kg2 f3+ 33. Kxf3 Qf6+ 34. Kg2 Qxc3 35. R1d7+ Ke6 36. Rxb7 a5 37. Rb6+ Kf5 38. Rd5+ Ke4 39. Re6+ Qe5 40. Rexe5# 1-0


[Site "https://www.chess.com"]